 Dungeon Crawl Stone Soup version 0.31-a0-152-g6aa68a64a1 (webtiles) character file.

Game seed: 8792116920905841278

651 qw the Shield-Bearer (level 7, -9/44 HPs)
             Began as a Gargoyle Fighter on June 10, 2023.
             Was a Follower of Okawaru.
             Killed by divine providence
             ... invoked by an orc priest
              (10 damage)
             ... on level 5 of the Dungeon.
             The game lasted 00:01:52 (4351 turns).

qw the Shield-Bearer (Gargoyle Fighter)             Turns: 4351, Time: 00:01:52

Health: -9/44      AC: 21    Str: 21    XL:     7   Next: 53%
Magic:  4/7        EV:  8    Int:  9    God:    Okawaru [*.....]
Gold:   173        SH: 18    Dex: 15    Spells: 6/6 levels left

rFire   . . .        Y - +2 war axe
rCold   . . .        g - +1 tower shield {reflect}
rNeg    + . .        p - +3 chain mail
rPois   inf          f - +0 helmet
rElec   +            (no cloak)
rCorr   .            o - +0 pair of gloves
SInv    +            (no boots)
Will    .....        (no amulet) Stlth
                     e - ring of see invisible
HPRegen 0.27/turn    q - +6 ring of dexterity
MPRegen 0.10/turn

%: reflection
@: about to teleport, heroic
A: sickness immunity, AC +4, negative energy resistance 1, electricity
resistance, torment resistance 1, petrification resistance
a: Renounce Religion, Heroism


You were on level 5 of the Dungeon.
You worshipped Okawaru.
Okawaru was aware of your devotion.
You visited 2 branches of the dungeon, and saw 6 of its levels.

You collected 321 gold pieces.
You spent 148 gold pieces at shops.


Innate Abilities, Weirdness & Mutations

You are immune to sickness and miasma.
Your stone body is resilient. (AC +4)
You are immune to poison.
You resist negative energy. (rN+)
You are resistant to electric shocks. (rElec)
You are resistant to unholy torment.
You are immune to petrification.


   Skills:
 - Level 4.6(9.6) Fighting
 - Level 5.4(10.4) Axes
 - Level 3.2(8.2) Armour
 + Level 6.0(11.0) Shields
 + Level 0.0 Invocations


You had 6 spell levels left.
You didn't know any spells.
Your spell library was empty.

Inventory:

Hand Weapons
 m - a +0 flail
 Y - a +2 war axe (weapon)
Missiles
 l - 5 boomerangs
Armour
 b - a +1 helmet
 f - a +0 helmet (worn)
 g - a +1 tower shield of reflection (worn)
 o - a +0 pair of gloves (worn)
 p - a +3 chain mail (worn)
Jewellery
 e - a ring of see invisible (left hand)
 q - a +6 ring of dexterity (right hand)
Scrolls
 i - 10 scrolls of identify
Potions
 d - a potion of might
 h - 5 potions of heal wounds
 j - a potion of haste
 k - a potion of curing
 n - 2 potions of attraction

Dungeon Overview and Level Annotations

Branches:
Dungeon (5/15)             Temple (1/1) D:4

Altars:
Ashenzari
Cheibriados
Dithmenos
Elyvilon
Fedhas
Gozag
Hepliaklqana
Kikubaaqudgha
Makhleb
Nemelex Xobeh
Okawaru
Qazlal
Sif Muna
Uskayaw
Vehumet
Wu Jian
Zin
The Shining One

Shops:
D:4 ?

Annotations:
D:3 1 runed translucent door, qw's ghost, amateur GrHu


Message History

The centaur is almost dead.
You hit the orc priest.
You feel like a meek peon again.
The centaur hits you but does no damage.
The centaur kicks you but does no damage.
The orc priest looks braver for a moment.
The orc priest casts a cantrip, but nothing happens.
The centaur hits you but does no damage.
You block the centaur's attack.
You slash the centaur!
You kill the centaur!
Okawaru is honoured by your kill.
You can now gain great but temporary skills.
You barely miss the orc priest.
The orc priest calls upon Beogh to heal the orc priest.
The orc priest is healed somewhat.
The orc priest hits you but does no damage.
Your Shields skill increases to level 6!
4348 ||| INVOKING Heroism.
You gain the combat prowess of a mighty hero.
You block the orc's attack. You block the orc priest's attack.
You barely miss the orc priest.
You hit the orc priest but do no damage.
You barely miss the orc. You block the orc priest's attack.
The orc priest looks satisfied for a moment.
The orc completely misses you.
You hit the orc priest but do no damage.
You barely miss the orc priest. You closely miss the orc.
You block the orc priest's attack. The orc barely misses you.
You block the orc priest's attack. The orc hits you but does no damage.
The orc priest mumbles some strange prayers to Beogh against you.
Beogh smites you!
The orc priest hits you but does no damage.
4351 ||| READING scroll of teleportation.
As you read the scroll of teleportation, it crumbles to dust.
You feel strangely unstable.
The orc priest mumbles some strange prayers to Beogh against you.
Beogh smites you!
You die...

#.............#.#..
#...........#.#.#..
###.....#####.#<#..
#######.##........#.#.<
#.....#)###########.##|
#..$..#.. ...........
#.....### ####....##.
#....o#########.....##.
+....o@.............##.
#....o#########.#'####.
....... #.#.# #.
!#####. #.#.# ## #.
#.#.# ## #.#.# #.#.#
#.#.# #.#.#


You could see 2 orc priests and an orc.

Vanquished Creatures
  A black bear (D:5)
  A centaur (D:5)
  A scorpion (D:4)
  2 orc priests
  2 hounds
  Jessica (D:3)
  Terence (D:2)
  An iguana (D:5)
  3 orc wizards
  5 adders
  A white imp (D:5)
  An ufetubus (D:4)
  3 worms
  4 dart slugs
  9 orcs
  6 bats
  8 endoplasms
  2 giant cockroaches
  3 goblins
  4 hobgoblins
  5 kobolds
  3 quokkas
  8 ball pythons
  4 rats
79 creatures vanquished.

Notes
Turn   | Place    | Note
-------+----------+-------------------------------------------
     0 | D:1      | qw the Gargoyle Fighter began the quest for the Orb.
     0 | D:1      | Reached XP level 1. HP: 14/14 MP: 1/1
     0 | D:1      | 0 ||| qw: Version: 0.2-a-29-gd901d54
     0 | D:1      | 0 ||| qw: Game counter: 4003
     0 | D:1      | 0 ||| qw: Always use a shield: true
     0 | D:1      | 0 ||| qw: God list: Okawaru
     0 | D:1      | 0 ||| qw: Allow faded altars: false
     0 | D:1      | 0 ||| qw: Do Orc after D:15 true
     0 | D:1      | 0 ||| qw: Do second Lair branch before Depths: true
     0 | D:1      | 0 ||| qw: Lair rune preference: random
     0 | D:1      | 0 ||| qw: Plans: Normal, Zot:1-4, Slime:5, God:TSO, Crypt,
                  | Tomb, Abyss, Pan, Hells, Win
     0 | D:1      | 0 ||| PLANNING D:1-11
   122 | D:1      | 122 ||| Stepping ~*~*~tactically~*~*~ (stealth).
   128 | D:1      | Reached XP level 2. HP: 19/19 MP: 2/2
   620 | D:1      | Reached skill level 3 in Axes
   681 | D:1      | 681 ||| UPGRADING to +0 helmet.
   686 | D:1      | 686 ||| READING 2 scrolls labelled UNNIWK UGOSK.
   691 | D:1      | 691 ||| READING scroll labelled ZAJYCRO BI MIEDGHEN.
   692 | D:1      | 692 ||| READING 5 scrolls labelled INACSIXT ICYGI.
   693 | D:1      | 693 ||| READING scroll labelled URALOAGAQA.
   694 | D:1      | 694 ||| READING 4 scrolls of identify.
   694 | D:1      | 694 ||| IDENTIFYING golden potion
   695 | D:1      | 695 ||| READING 3 scrolls of identify.
   695 | D:1      | 695 ||| IDENTIFYING cyan potion
   744 | D:2      | Reached XP level 3. HP: 19/23 MP: 3/3
   753 | D:2      | Reached XP level 4. HP: 25/28 MP: 4/4
   941 | D:2      | Noticed Terence
   950 | D:2      | Killed Terence
  1017 | D:2      | 1017 ||| DROPPING +0 club.
  1204 | D:2      | 1204 ||| Stepping ~*~*~tactically~*~*~ (hiding).
  1205 | D:2      | 1205 ||| Stepping ~*~*~tactically~*~*~ (hiding).
  1208 | D:2      | 1208 ||| Stepping ~*~*~tactically~*~*~ (hiding).
  1579 | D:2      | 1579 ||| UPGRADING to +0 pair of gloves.
  1584 | D:2      | 1584 ||| UPGRADING to ring of see invisible.
  1585 | D:2      | 1585 ||| READING scroll labelled OFILEQU YQAOTA.
  1586 | D:2      | 1586 ||| READING 2 scrolls labelled ZUX SOQYCW.
  1587 | D:2      | 1587 ||| READING scroll labelled DEFREA LI UHUR.
  1588 | D:2      | 1588 ||| READING scroll labelled VOONUKKAFU.
  1589 | D:2      | 1589 ||| READING scroll labelled HINWUC KENKU.
  1590 | D:2      | 1590 ||| READING 4 scrolls of identify.
  1590 | D:2      | 1590 ||| IDENTIFYING dark potion
  1591 | D:2      | 1591 ||| DROPPING scroll of noise.
  1668 | D:3      | Noticed Jessica
  1677 | D:3      | Killed Jessica
  1678 | D:3      | Reached XP level 5. HP: 18/32 MP: 5/5
  1682 | D:3      | 1682 ||| FLEEEEING.
  1686 | D:3      | 1686 ||| FLEEEEING.
  1687 | D:3      | 1687 ||| FLEEEEING.
  1688 | D:3      | 1688 ||| FLEEEEING.
  1689 | D:3      | 1689 ||| FLEEEEING.
  1690 | D:3      | 1690 ||| FLEEEEING.
  1691 | D:3      | 1691 ||| FLEEEEING.
  1692 | D:3      | 1692 ||| FLEEEEING.
  1693 | D:3      | 1693 ||| FLEEEEING.
  1694 | D:3      | 1694 ||| FLEEEEING.
  1695 | D:3      | 1695 ||| FLEEEEING.
  1696 | D:3      | 1696 ||| FLEEEEING.
  1697 | D:3      | 1697 ||| FLEEEEING.
  1698 | D:3      | 1698 ||| FLEEEEING.
  1699 | D:3      | 1699 ||| FLEEEEING.
  1700 | D:3      | 1700 ||| FLEEEEING.
  1701 | D:3      | 1701 ||| FLEEEEING.
  1702 | D:3      | 1702 ||| STAIRDANCE
  1731 | D:2      | 1731 ||| UPGRADING to +0 chain mail.
  1741 | D:2      | 1741 ||| DROPPING +0 scale mail.
  1750 | D:3      | Found a runed translucent door.
  1756 | D:3      | Noticed qw's ghost (amateur GrHu)
  1798 | D:3      | 1798 ||| Stepping ~*~*~tactically~*~*~ (stealth).
  1844 | D:3      | 1844 ||| Stepping ~*~*~tactically~*~*~ (hiding).
  2083 | D:3      | 2083 ||| Stepping ~*~*~tactically~*~*~ (stealth).
  2123 | D:3      | Found a faded altar of an unknown god.
  2283 | D:3      | 2283 ||| Stepping ~*~*~tactically~*~*~ (stealth).
  2785 | D:3      | 2785 ||| UPGRADING to +3 chain mail.
  2795 | D:3      | 2795 ||| DROPPING +0 chain mail.
  2796 | D:3      | 2796 ||| DRINKING 2 lumpy pink potions.
  2797 | D:3      | 2797 ||| READING 6 scrolls of identify.
  2797 | D:3      | 2797 ||| IDENTIFYING fizzy golden potion
  2798 | D:3      | 2798 ||| DROPPING potion of berserk rage.
  2830 | D:4      | 2830 ||| DRINKING 3 potions of curing.
  2830 | D:4      | 2830 ||| (to cure confusion)
  2847 | D:4      | Found an ancient bone altar of Kikubaaqudgha.
  2870 | D:4      | Identified the +12 sling "Mykiroro" {antimagic, rElec
                  | Stlth+}
  2941 | D:4      | Reached XP level 6. HP: 36/39 MP: 6/6
  3057 | D:4      | 3057 ||| Stepping ~*~*~tactically~*~*~ (hiding).
  3118 | D:4      | 3118 ||| Stepping ~*~*~tactically~*~*~ (stealth).
  3411 | D:4      | Found a staircase to the Ecumenical Temple.
  3412 | D:4      | 3412 ||| PLANNING TEMPLE
  3429 | D:4      | 3429 ||| UPGRADING to +6 ring of dexterity.
  3430 | D:4      | 3430 ||| READING scroll labelled ICVOR HOUC CAO.
  3430 | D:4      | Identified a scroll of acquirement
  3430 | D:4      | 3430 ||| ACQUIRING +1 tower shield of reflection
  3430 | D:4      | Acquired a +1 tower shield of reflection
  3432 | D:4      | 3432 ||| UPGRADING to +1 tower shield of reflection.
  3442 | D:4      | 3442 ||| DROPPING +0 buckler.
  3443 | D:4      | 3443 ||| READING 6 scrolls of identify.
  3443 | D:4      | 3443 ||| IDENTIFYING sedimented blue potion
  3444 | D:4      | 3444 ||| DROPPING potion of brilliance.
  3455 | Temple   | Entered the Ecumenical Temple
  3456 | Temple   | 3456 ||| PLANNING OKAWARU WORSHIP
  3669 | Temple   | Became a worshipper of Warmaster Okawaru
  3669 | Temple   | 3669 ||| PLANNING D:1-11
  3753 | D:4      | Found Orraus's Magic Scroll Emporium.
  3756 | D:4      | 3756 ||| BUYING scroll of enchant weapon (82 gold).
  3756 | D:4      | Bought a scroll of enchant weapon for 82 gold pieces
  3756 | D:4      | 3756 ||| BUYING scroll of identify (22 gold).
  3756 | D:4      | Bought a scroll of identify for 22 gold pieces
  3756 | D:4      | 3756 ||| BUYING scroll of identify (22 gold).
  3756 | D:4      | Bought a scroll of identify for 22 gold pieces
  3756 | D:4      | 3756 ||| BUYING scroll of identify (22 gold).
  3756 | D:4      | Bought a scroll of identify for 22 gold pieces
  3756 | D:4      | 3756 ||| READING scroll of enchant weapon.
  3756 | D:4      | 3756 ||| ENCHANTING +1 war axe.
  3958 | D:5      | Entered Level 5 of the Dungeon
  4169 | D:5      | 4169 ||| Stepping ~*~*~tactically~*~*~ (hiding).
  4176 | D:5      | 4176 ||| DRINKING 2 potions of curing.
  4176 | D:5      | 4176 ||| (to cure confusion)
  4180 | D:5      | Reached skill level 4 in Shields
  4185 | D:5      | Reached XP level 7. HP: 23/44 MP: 7/7
  4287 | D:5      | Reached * piety under Okawaru
  4288 | D:5      | Reached skill level 5 in Shields
  4338 | D:5      | 4338 ||| INVOKING Heroism.
  4348 | D:5      | Reached skill level 6 in Shields
  4348 | D:5      | 4348 ||| INVOKING Heroism.
  4350 | D:5      | HP: 1/44 [orc priest/divine providence (13)]
  4351 | D:5      | 4351 ||| READING scroll of teleportation.
  4351 | D:5      | Killed from afar by an orc priest

Levels and vault maps discovered:
D:1:      dpeg_arrival_rooms_a, layout_basic
D:2:      layout_basic, minmay_hexomino_p4, uniq_terence
D:3:      layout_basic, dilly_ecumenical_altar_fadedgnrine,
          ebering_ghost_reflecting_pool, minmay_fractal_squares_diagonal_5,
          uniq_jessica
D:4:      nicolae_cairo_tiling_large, layout_basic, kiku_gazebo_garden_becter,
          temple_doors_cd, serial_shops, nicolae_shop_rolled_up,
          chequers_serial_rivers_large_a
D:5:      layout_basic, uniq_edmund
Temple:   nicolae_temple_bog_church

Skill      XL: |  1  2  3  4  5  6  7 |
---------------+----------------------+-----
Axes           | 2 3 4 5 |  5.4
Fighting       | 4 |  4.6
Shields        | 4 6 |  6.0
Armour         | |  3.2

Action                     |  1- 3 |  4- 6 |  7- 9 || total
---------------------------+-------+-------+-------++-------
  Melee: War axe           |    47 |   169 |    18 ||   234
 Invoke: Heroism           |       |       |     2 ||     2
    Use: Scroll            |     6 |    10 |     1 ||    17
         Potion            |       |     3 |       ||     3
 Armour: Scale mail        |    21 |    20 |       ||    41
         Chain mail        |       |    91 |    26 ||   117
  Dodge: Dodged            |    26 |    51 |     3 ||    80
  Block: Buckler           |     4 |    17 |       ||    21
         Tower shield      |       |    16 |    20 ||    36
         Reflection        |       |       |     2 ||     2

Table legend:
 A = Non-vault XP
 B = Vault XP
 C = Vault XP percentage of total XP
 D = Non-vault monster count
 E = Vault monster count
 F = Vault count percentage of total count
                 A         B        C        D         E       F
            +---------+---------+-------+---------+---------+-------
      Total |     836 |      95 |  10.2 |      69 |      10 |  12.7
            +---------+---------+-------+---------+---------+-------
        D:1 |      32 |       0 |   0.0 |      17 |       0 |   0.0
        D:2 |      72 |      41 |  36.3 |      10 |       4 |  28.6
        D:3 |      33 |      54 |  62.1 |      15 |       6 |  28.6
        D:4 |     242 |       0 |   0.0 |      15 |       0 |   0.0
        D:5 |     457 |       0 |   0.0 |      12 |       0 |   0.0
            +---------+---------+-------+---------+---------+-------
